 Dungeon Crawl Stone Soup version 0.32-a0-699-g1ee5eff69a (webtiles) character file.

Game seed: 9152592223903686827

978 smashvw the Trooper (level 7, -3/64 HPs)
             Began as a Minotaur Fighter on Mar 14, 2024.
             Was an Initiate of Gozag.
             Killed from afar by an electric eel (14 damage)
             ... with a bolt of electricity
             ... on level 6 of the Dungeon.
             The game lasted 00:08:53 (4311 turns).

smashvw the Trooper (Minotaur Fighter)              Turns: 4311, Time: 00:08:54

Health: -3/64      AC: 10    Str: 23    XL:     7   Next: 95%
Magic:  6/6        EV:  7    Int:  5    God:    Gozag
Gold:   404        SH:  4    Dex:  9    Spells: 6/6 levels left

rFire   . . .        a - +0 war axe
rCold   . . .        c - +0 buckler
rNeg    . . .        e - +0 chain mail
rPois   .            (helmet restricted)
rElec   .            j - +0 cloak
rCorr   .            (no gloves)
SInv    .            (no boots)
Will    .....        (no amulet) Stlth
                     (no ring)
HPRegen 0.30/turn    (no ring)
MPRegen 0.10/turn

%: no passive effects
@: very slow
A: horns 2, retaliatory headbutt
a: Renounce Religion, Potion Petition, Call Merchant, Bribe Branch


You were on level 6 of the Dungeon.
You worshipped Gozag.
Gozag was aware of your devotion.
You visited 2 branches of the dungeon, and saw 7 of its levels.
You also visited: Ossuary.

You collected 454 gold pieces.
You paid 50 gold pieces to Gozag.

Inventory:

Hand Weapons
 a - a +0 war axe (weapon)
 i - a +0 dagger
Missiles
 b - 3 boomerangs
 f - 95 stones (quivered)
 n - 2 atropa-tipped darts
 p - 16 poisoned darts
 A - 2 curare-tipped darts
 H - 3 javelins
Armour
 c - a +0 buckler (worn)
 e - a +0 chain mail (worn)
 j - a +0 cloak (worn)
 G - a +0 tower shield
Jewellery
 r - an amulet of magic regeneration
Wands
 t - a wand of paralysis (3)
Scrolls
 g - 2 scrolls of amnesia
 h - 3 scrolls of enchant armour
 k - a scroll of poison
 q - 2 scrolls of noise {unknown}
 s - a scroll of fear {unknown}
 u - 2 scrolls of fog {unknown}
 x - a scroll of revelation {unknown}
 y - a scroll of silence {unknown}
 D - a scroll of enchant weapon {unknown}
 E - 2 scrolls of vulnerability {unknown}
 F - a scroll of identify
Potions
 d - 2 potions of might
 l - 3 potions of lignification {unknown}
 m - 2 potions of brilliance {unknown}
 o - 2 potions of curing {unknown}
 v - a potion of mutation {unknown}
 w - 2 potions of magic {unknown}
 z - 2 potions of resistance {unknown}
 B - 2 potions of attraction {unknown}
 C - a potion of heal wounds {unknown}


   Skills:
 + Level 6.9 Fighting
 + Level 6.2 Axes
 + Level 4.6 Throwing
 - Level 3.6 Armour
 - Level 5.0 Shields
 + Level 1.3 Evocations


You had 6 spell levels left.
You didn't know any spells.
Your spell library contained the following spells:

 Spells                   Type           Power      Damage    Failure   Level
 Apportation              Tloc           0%         N/A       98%         1
 Necrotise                Necr           0%         1d4       98%         1
 Sting                    Conj/Alch      0%         1d3       98%         1
 Summon Small Mammal      Summ           0%         N/A       98%         1
 Call Imp                 Summ           0%         N/A       99%         2
 Mercury Vapours          Alch/Air       0%         N/A       99%         2
 Sublimation of Blood     Necr           0%         N/A       99%         2
 Olgreb's Toxic Radiance  Alch           0%         N/A       100%        4
 Summon Hydra             Summ           0%         N/A       100%        7


Dungeon Overview and Level Annotations

Branches:
Dungeon (6/15)             Temple (1/1) D:5         Ossuary (visited)

Altars:
Ashenzari
Cheibriados
Fedhas
Gozag
Hepliaklqana
Kikubaaqudgha
Makhleb
Ru
Trog
Uskayaw
Vehumet
Wu Jian
Xom
Yredelemnul
Zin

Shops:
D:1 *:   D:3 !   D:6 (


Innate Abilities, Weirdness & Mutations

You have a pair of horns on your head.
You reflexively headbutt those who attack you in melee.


Message History

The bolt of electricity misses you.
The ice beast moves out of view.
A sleepcap comes into view.
Found 6 stones.
The electric eel shoots out a bolt of lightning at you!
The bolt of electricity hits you.
The sleepcap moves out of view.
The electric eel shoots out a bolt of lightning at you!
The bolt of electricity hits you.
You hit the ice beast.
The ice beast is lightly wounded.
The electric eel is distracted by your dazzling golden aura.
The ice beast hits you. The ice beast freezes you.
You are too injured to fight recklessly!
You are too injured to fight recklessly!
You enter the shallow water.
Moving in this stuff is going to be slow.
The ice beast hits you but does no damage.
You block the sleepcap's attack.
You closely miss the electric eel.
The electric eel is no longer distracted by gold.
You slash the ice beast! You slash the sleepcap!
The ice beast hits you but does no damage.
The sleepcap releases spores at you but does no damage.
The electric eel shoots out a bolt of lightning at you!
The bolt of electricity hits you! x2
* * * LOW HITPOINT WARNING * * *
The bolt of electricity hits the electric eel.
The electric eel completely resists.
The ice beast hits you but does no damage.
Your unstable footing causes you to fumble your attack.
The sleepcap closely misses you.
An electric eel comes into view.
You block the ice beast's attack.
An iguana comes into view.
You block the sleepcap's attack.
You miss the electric eel. You hit the ice beast but do no damage.
You hit the sleepcap but do no damage.
The electric eel shoots out a bolt of lightning at you!
The bolt of electricity hits you!
You die...
Your body crumbles into a pile of gold.

#.##.§§..§§#
#.##.≈§§≈§§#
#§###...§§##
#.§$....§.###
######$.....# ####
#...(..# ...###
##....###~..P.#
#......#≈fP.##.#
~≈~....[...@≈~P..P.
~~~#......#YS~~..##
~~.###....###.~~.P..
~~~ #...... ≈~~(##.
~~ ≈........ ≈~..P.
≈~#......# ~~P....
.###....## .~~..##
... ~lSP..


You could see an ice beast, a sleepcap, an iguana and 2 electric eels.

Vanquished Creatures
  Menkaure (D:5)
  A water moccasin (D:3)
  An ogre (D:5)
  2 phantoms
  An elf zombie (Ossuary)
  2 bombardier beetles
  A human zombie (Ossuary)
  An orc priest (D:6)
  3 iguanas
  An orc wizard (D:3)
  A hound zombie (Ossuary)
  4 mummies (Ossuary)
  6 adders
  A dart slug (D:3)
  2 ribbon worms (D:2)
  11 orcs
  9 bats
  8 endoplasms
  2 giant cockroaches
  7 goblins
  7 hobgoblins
  3 jackals (D:2)
  9 kobolds
  4 ball pythons
  3 frilled lizards (D:1)
  2 goblin zombies (Ossuary)
  2 jackal zombies (Ossuary)
  A kobold zombie (Ossuary)
  3 orc zombies (Ossuary)
  6 rats
  A rat zombie (Ossuary)
106 creatures vanquished.

Notes
Turn   | Place    | Note
-------+----------+-------------------------------------------
     0 | D:1      | smashvw the Minotaur Fighter began the quest for the Orb.
     0 | D:1      | Reached XP level 1. HP: 19/19 MP: 0/0
   172 | D:1      | Found Xaguycle's Book Shop.
   181 | D:1      | Reached XP level 2. HP: 27/27 MP: 1/1
   357 | D:1      | Found Sepofost's Assorted Antiques.
   572 | D:1      | Reached skill level 1 in Throwing
   930 | D:2      | Reached XP level 3. HP: 33/33 MP: 2/2
  1607 | D:3      | Reached XP level 4. HP: 41/41 MP: 3/3
  1656 | D:3      | Found Wauqec's Distillery.
  2161 | D:4      | Noticed a water moccasin
  2179 | D:3      | Killed a water moccasin
  2180 | D:3      | Reached XP level 5. HP: 24/47 MP: 4/4
  2283 | D:3      | Reached skill level 5 in Fighting
  2283 | D:3      | Reached skill level 5 in Shields
  2683 | D:4      | Reached XP level 6. HP: 56/56 MP: 5/5
  2851 | D:5      | Entered Level 5 of the Dungeon
  3007 | D:5      | Found a staircase to the Ecumenical Temple.
  3016 | Temple   | Entered the Ecumenical Temple
  3023 | Temple   | Became a worshipper of Gozag Ym Sagoz the Greedy
  3059 | D:5      | Noticed Menkaure
  3065 | D:5      | Killed Menkaure
  3066 | D:5      | Reached skill level 5 in Axes
  3168 | D:5      | Reached XP level 7. HP: 63/63 MP: 6/6
  3214 | D:5      | Found a sand-covered staircase.
  3222 | Ossuary  | Entered an ossuary
  4213 | D:6      | Found Vettesa's Weapon Emporium.
  4217 | D:6      | Reached skill level 1 in Evocations
  4311 | D:6      | Killed from afar by an electric eel

Illustrated notes

Levels and vault maps discovered:
D:1:      lordsloth_arrival_two_stooges, layout_loops_ring, serial_shops, shop,
          shop
D:2:      layout_basic, columned_hall_lemuel, minmay_quadrilaterals
D:3:      layout_basic, serial_shops, nicolae_diamond_shop
D:4:      layout_basic, chequers_serial_rivers_micro_d
D:5:      layout_gridville, minmay_temple_entry_stoned_glass,
          nicolae_ossuary_entry_plus, grunt_ministairs_4, uniq_menkaure
D:6:      wad_lake_hut, layout_loops_ring,
          nicolae_overflow_macrodata_refinement, serial_shops,
          nicolae_shop_peninsula, hangedman_glass_teeth
Temple:   nicolae_temple_no_exploring_needed

Skill      XL: |  1  2  3  4  5  6  7 |
---------------+----------------------+-----
Shields        | 4 5 |  5.0
Fighting       | 4 5 6 |  6.9
Throwing       | 1 2 3 4 |  4.6
Axes           | 3 4 5 6 |  6.2
Evocations     | 1 |  1.3
Armour         | |  3.6

Action                     |  1- 3 |  4- 6 |  7- 9 || total
---------------------------+-------+-------+-------++-------
  Melee: War axe           |    90 |    60 |    89 ||   239
         Headbutt          |     9 |    13 |    15 ||    37
  Throw: Stone             |       |     3 |       ||     3
    Use: Scroll            |       |     3 |       ||     3
 Armour: Chain mail        |    60 |    43 |    85 ||   188
         Scale mail        |     5 |       |       ||     5
  Dodge: Dodged            |    29 |    27 |    37 ||    93
  Block: Buckler           |    17 |    17 |    25 ||    59

Table legend: (Time is in decaauts)
 A = Elapsed time spent in this place.
 B = Non-inter-level travel time spent in this place.
 C = Inter-level travel time spent in this place.
 D = Time resting spent in this place.
 E = Time spent auto-exploring this place.
 F = Levels seen in this place.
 G = Mean time per level.
                   A        B        C        D        E       F      G
               +--------+--------+--------+--------+--------+-----+--------+
         Total |   4385 |   4257 |    128 |     86 |   3381 |   8 |  548.1 |
       Dungeon |   4090 |   3968 |    122 |     86 |   3165 |   6 |  681.7 |
        Temple |     14 |      8 |      6 |      0 |      0 |   1 |   14.0 |
       Ossuary |    280 |    280 |      0 |      0 |    216 |   1 |  280.0 |
               +--------+--------+--------+--------+--------+-----+--------+

Top non-repeatable levels by time:
     D:5: 1051 daAuts
     D:2: 797 daAuts
     D:3: 791 daAuts
     D:1: 720 daAuts
     D:4: 592 daAuts
 Ossuary: 280 daAuts
     D:6: 136 daAuts
  Temple: 14 daAuts
